 Dungeon Crawl Stone Soup version 0.19.0-24-gb05acd6 (webtiles) character file.

387 pichaelthompson the Cudgeler (level 6, 0/47 HPs)
             Began as a Demonspawn Gladiator on Nov 21, 2016.
             Slain by an adder (2 damage)
             ... on level 3 of the Dungeon.
             The game lasted 00:09:05 (2724 turns).

pichaelthompson the Cudgeler (Demonspawn Gladiator) Turns: 2724, Time: 00:09:06

Health: 0/47       AC: 10    Str: 18    XL:     6   Next: 49%
Magic:  6/6        EV:  8    Int:  9    God:
Gold:   124        SH:  0    Dex: 13    Spells: 0 memorised, 5 levels left

rFire  . . .     SeeInvis .     b - +2 dagger (vamp)
rCold  . . .     Gourm    .     e - +0 chain mail
rNeg   . . .     Faith    .     (no shield)
rPois  .         Spirit   .     c - +0 helmet
rElec  .         Reflect  .     (no cloak)
rCorr  .         Harm     .     (no gloves)
MR     .....                    (no boots)
Stlth  ..........               (no amulet)
                                (no ring)
                                (no ring)

@: lethally poisoned (0 -> -12)
A: claws 1, hooves 1
a: no special abilities


You were on level 3 of the Dungeon.
You were not hungry.

You visited 1 branch of the dungeon, and saw 3 of its levels.

You collected 124 gold pieces.

Inventory:

Hand Weapons
 a - a +0 flail
 b - a +2 vampiric dagger (weapon)
 k - a +0 hand axe of chopping
Missiles
 d - 3 throwing nets (quivered)
Armour
 c - a +0 helmet (worn)
 e - a +0 chain mail (worn)
Scrolls
 f - a scroll of blinking {unknown}
 h - 2 scrolls of identify {unknown}
 i - a scroll of noise {unknown}
 j - a scroll of enchant weapon {unknown}
Potions
 g - a potion of lignification {unknown}
Comestibles
 l - a chunk of flesh


   Skills:
 + Level 3.1 Fighting
 * Level 3.2 Short Blades
 - Level 3.5 Maces & Flails
 + Level 1.8 Throwing
 + Level 3.0 Armour
 + Level 3.3 Dodging


You had 5 spell levels left.
You didn't know any spells.

Dungeon Overview and Level Annotations

Branches:
Dungeon (3/15)

Altars:

Annotations:
D:3 Robin


Innate Abilities, Weirdness & Mutations

You have sharp fingernails.
You have large cloven feet.


Message History

You closely miss the adder.
You feel sick. The adder bites you.
* * * LOW HITPOINT WARNING * * *
You are lethally poisoned!
The adder poisons you!
* * * LOW HITPOINT WARNING * * *
You feel sick.
* * * LOW HITPOINT WARNING * * *
You feel sick. The adder barely misses you. The adder bites you.
* * * LOW HITPOINT WARNING * * *
You are more poisoned.
The adder poisons you!
* * * LOW HITPOINT WARNING * * *
You feel sick.
* * * LOW HITPOINT WARNING * * *
You feel sick.
* * * LOW HITPOINT WARNING * * *
You feel sick.
* * * LOW HITPOINT WARNING * * *
You feel sick. The adder bites you.
You die...

'#............#...#.#
.†............#)..#.#
......#########...#.#
......# #...'.#
......# #...###
......# #...#####.#
......# ##........#
......#
######........#
#......#
#.gg.S@.......#
#......#
#.####........#
#...(..# #.#
##########
.......####g#
........g).†#
.......)#######
#......†.g....#
#......gg.....#
#....../......#


You could see Robin, an adder and a hobgoblin.

Vanquished Creatures
  Sigmund (D:2)
  A water moccasin (D:3)
  A gnoll (D:1)
  4 adders (D:2)
  2 worms (D:2)
  A dart slug (D:2)
  3 leopard geckos
  4 giant cockroaches
  20 goblins
  4 hobgoblins
  9 jackals
  2 quokkas
  10 bats
  2 frilled lizards (D:2)
  6 kobolds
  5 rats
75 creatures vanquished.

Notes
Turn   | Place    | Note
-------+----------+-------------------------------------------
     0 | D:1      | pichaelthompson the Demonspawn Gladiator began the quest for the Orb.
     0 | D:1      | Reached XP level 1. HP: 16/16 MP: 1/1
    40 | D:1      | Gained mutation: You have sharp fingernails. [demonic ancestry]
    40 | D:1      | Reached XP level 2. HP: 7/22 MP: 2/2
    49 | D:1      | HP: 1/22 [jackal (3)]
   455 | D:1      | Reached XP level 3. HP: 18/28 MP: 3/3
  1290 | D:2      | Reached skill level 1 in Armour
  1465 | D:2      | Reached XP level 4. HP: 19/34 MP: 4/4
  1825 | D:2      | Noticed Sigmund
  1865 | D:2      | Killed Sigmund
  1865 | D:2      | Reached XP level 5. HP: 29/40 MP: 5/5
  2568 | D:3      | Gained mutation: You have large cloven feet. [demonic ancestry]
  2568 | D:3      | Reached XP level 6. HP: 47/47 MP: 6/6
  2631 | D:3      | Noticed Robin
  2634 | D:3      | Noticed a water moccasin
  2713 | D:3      | Killed a water moccasin
  2724 | D:3      | HP: 2/47 [poisoned by an adder]
  2724 | D:3      | Slain by an adder

Skill      XL: |  1  2  3  4  5  6 |
---------------+-------------------+-----
Maces & Flails | 3 |  3.5
Armour         | 1 2 3 |  3.0
Dodging        | 3 |  3.3
Short Blades   | 2 3 |  3.2
Fighting       | 3 |  3.1
Throwing       | |  1.8

Action                   |  1- 3 |  4- 6 || total
-------------------------+-------+-------++-------
Melee: Flail             |   104 |       ||   104
       Dagger            |    40 |   215 ||   255
       Kick              |       |    13 ||    13
  Use: Potion            |       |     1 ||     1
  Eat: Chunk             |     2 |     4 ||     6
       Bread ration      |     1 |       ||     1
Armor: Leather armour    |    39 |       ||    39
       Chain mail        |    53 |   145 ||   198
Dodge: Dodged            |   100 |   117 ||   217
